 Dungeon Crawl Stone Soup version 0.22-a0-617-g6d95e9e505 (webtiles) character file.

814 Kholdaimon the Charmwright (level 7, -4/56 HPs)
             Began as a Gnoll Skald on July 12, 2018.
             Slain by Pikel
             ... wielding a +0 whip of electrocution
              (17 damage)
             ... on level 5 of the Dungeon.
             The game lasted 00:30:54 (4190 turns).

Kholdaimon the Charmwright (Gnoll Skald)            Turns: 4190, Time: 00:30:54

Health: -4/56      AC: 12    Str: 14    XL:     7   Next: 93%
Magic:  15/15      EV: 14    Int: 17    God:
Gold:   230        SH:  4    Dex: 14    Spells: 6/17 levels left

rFire    x . .     SeeInvis .   a - +3 trident
rCold    + + .     Gourm    .   K - +0 buckler
rNeg     . . .     Faith    .   F - +1 leather armour {rC+}
rPois    .         Spirit   .   c - +0 helmet
rElec    .         Reflect  .   L - +1 cloak
rCorr    .         Harm     .   w - +2 pair of gloves
MR       .....                  p - +0 pair of boots
Stlth    ++........             D - amulet of rage
HPRegen  0.18/turn              A - ring of ice
MPRegen  0.14/turn              (no ring)

@: no status effects
A: distributed training, fangs 1, strong nose
a: Evoke Berserk Rage


You were on level 5 of the Dungeon.
You were not hungry.

You visited 1 branch of the dungeon, and saw 5 of its levels.

You collected 230 gold pieces.

Inventory:

Hand Weapons
 a - a +3 trident (weapon)
 b - a +0 scythe of slicing
 h - a +2 short sword of protection
 z - a +0 hand axe of chopping
 C - a +0 hunting sling
 I - a +0 blowgun
Missiles
 g - 35 poisoned needles
 k - 17 bolts
 m - 142 stones (quivered)
 v - a throwing net
 H - 71 sling bullets
Armour
 c - a +0 helmet (worn)
 f - a +0 ring mail
 p - a +0 pair of boots (worn)
 w - a +2 pair of gloves (worn)
 F - a +1 leather armour of cold resistance (worn)
 K - a +0 buckler (worn)
 L - a +1 cloak (worn)
 N - a +0 cloak of invisibility
Jewellery
 A - a ring of ice (left hand)
 D - an amulet of rage (around neck)
Wands
 x - a wand of iceblast (13)
 y - a wand of flame (34)
 E - a wand of digging (12)
Scrolls
 e - a scroll of remove curse
 l - a scroll of immolation
 n - a scroll of enchant armour
 r - a scroll of blinking
 s - a scroll of teleportation
 J - a scroll of fear {unknown}
Potions
 i - 2 potions of mutation
 j - 4 potions of cancellation
 q - a potion of flight {unknown}
 t - a potion of heal wounds {unknown}
 u - a potion of ambrosia {unknown}
 B - 2 potions of curing
Comestibles
 d - 10 rations


   Skills:
 + Level 5.4 Fighting
 + Level 2.7 Short Blades
 + Level 2.7 Long Blades
 + Level 5.4 Axes
 + Level 2.7 Maces & Flails
 + Level 2.7 Polearms
 + Level 2.7 Staves
 + Level 2.7 Slings
 + Level 2.7 Bows
 + Level 2.7 Crossbows
 + Level 2.7 Throwing
 + Level 3.8 Armour
 + Level 5.4 Dodging
 + Level 2.7 Stealth
 + Level 2.7 Shields
 + Level 2.7 Unarmed Combat
 + Level 5.7 Spellcasting
 + Level 2.2 Conjurations
 + Level 2.2 Hexes
 + Level 5.9 Charms
 + Level 2.2 Summonings
 + Level 2.2 Necromancy
 + Level 2.2 Translocations
 + Level 2.2 Transmutations
 + Level 2.2 Fire Magic
 + Level 2.2 Ice Magic
 + Level 2.2 Air Magic
 + Level 2.2 Earth Magic
 + Level 2.2 Poison Magic
 + Level 3.0 Invocations
 + Level 2.7 Evocations


You had 6 spell levels left.
You knew the following spells:

 Your Spells              Type           Power        Failure   Level  Hunger
a - Infusion              Chrm           ####         1%          1    None
b - Song of Slaying       Chrm           ####....     2%          2    #......
c - Shroud of Golubria    Chrm/Tloc      ###.......   5%          2    #......
d - Regeneration          Chrm/Necr      ###.......   11%         3    ##.....
e - Spectral Weapon       Hex/Chrm       ###.....     11%         3    ##.....

Your spell library contained the following spells:

 Spells                   Type           Power        Failure   Level  Hunger


Dungeon Overview and Level Annotations

Branches:
Dungeon (5/15)
 Temple: D:4-7

Altars:

Shops:
D:4 %

Annotations:
D:5 Pikel


Innate Abilities, Weirdness & Mutations

Your experience applies equally to all skills.
You have very sharp teeth.
Your uncanny sense of smell can sniff out nearby items.


Message History

You hit Pikel.
Pikel is severely wounded.
Pikel barely misses you.
You closely miss Pikel.
Pikel is severely wounded.
Pikel barely misses you.
You barely miss Pikel. You bite Pikel, but do no damage.
Pikel is severely wounded.
Pikel hits you but does no damage.
You are electrocuted!
* * * LOW HITPOINT WARNING * * *
You hit Pikel but do no damage.
Pikel is severely wounded.
Pikel barely misses you.
You puncture Pikel!
Pikel is almost dead.
Pikel cracks his whip.
Pikel hits you with a whip of electrocution.
* * * LOW HITPOINT WARNING * * *
Pikel hits you but does no damage.
You are electrocuted!
You die...

#..>.....##........
..
#........#####.#(..
########.# #)#...
#.# #.#.... #.# .#
#.# ##.# ∆ # #.#
#..# ...
#.####.####...$.
#(....pK@.....#
######p######## #(#
#$# ... ... #p..p
#####


You could see Pikel and 2 slaves.

Vanquished Creatures
  Sigmund (D:5)
  A slave (D:5)
  A scorpion (D:5)
  A howler monkey (D:5)
  A crimson imp (D:5)
  2 jellies
  A hound (D:4)
  An orc wizard (D:4)
  An orc priest (D:5)
  Crazy Yiuf (D:4)
  Jessica (D:3)
  A centaur skeleton (D:4)
  Ijyb (D:4)
  2 worker ants
  Robin (D:4)
  7 adders
  An adder zombie (D:5)
  An adder skeleton (D:4)
  2 worms
  3 dart slugs
  3 leopard geckos
  13 orcs
  5 giant cockroaches
  12 goblins
  9 hobgoblins
  7 jackals (D:2)
  A quokka (D:3)
  A ball python (D:3)
  6 bats
  3 frilled lizards (D:3)
  10 kobolds
  A leopard gecko skeleton (D:4)
  8 rats
110 creatures vanquished.

Vanquished Creatures (others)
  An orc wizard (D:4)
1 creature vanquished.

Grand Total: 111 creatures vanquished

Notes
Turn   | Place    | Note
-------+----------+-------------------------------------------
     0 | D:1      | Kholdaimon the Gnoll Skald began the quest for the Orb.
     0 | D:1      | Reached XP level 1. HP: 20/20 MP: 6/6
   160 | D:1      | Reached XP level 2. HP: 26/26 MP: 7/7
   512 | D:1      | Learned a level 2 spell: Song of Slaying
   515 | D:1      | Learned a level 2 spell: Shroud of Golubria
   587 | D:2      | Reached XP level 3. HP: 29/31 MP: 9/9
   592 | D:2      | Reached skill level 5 in Spellcasting
   761 | D:2      | Reached skill level 1 in Invocations
  1140 | D:2      | Reached skill level 1 in Short Blades
  1140 | D:2      | Reached skill level 1 in Long Blades
  1140 | D:2      | Reached skill level 1 in Maces & Flails
  1140 | D:2      | Reached skill level 1 in Polearms
  1140 | D:2      | Reached skill level 1 in Staves
  1140 | D:2      | Reached skill level 1 in Slings
  1140 | D:2      | Reached skill level 1 in Bows
  1140 | D:2      | Reached skill level 1 in Crossbows
  1140 | D:2      | Reached skill level 1 in Throwing
  1140 | D:2      | Reached skill level 1 in Stealth
  1140 | D:2      | Reached skill level 1 in Shields
  1140 | D:2      | Reached skill level 1 in Unarmed Combat
  1140 | D:2      | Reached skill level 1 in Evocations
  1277 | D:3      | Reached XP level 4. HP: 38/38 MP: 11/11
  1325 | D:3      | Found a faded altar of an unknown god.
  1337 | D:3      | Reached skill level 1 in Conjurations
  1337 | D:3      | Reached skill level 1 in Hexes
  1337 | D:3      | Reached skill level 1 in Summonings
  1337 | D:3      | Reached skill level 1 in Necromancy
  1337 | D:3      | Reached skill level 1 in Translocations
  1337 | D:3      | Reached skill level 1 in Transmutations
  1337 | D:3      | Reached skill level 1 in Fire Magic
  1337 | D:3      | Reached skill level 1 in Ice Magic
  1337 | D:3      | Reached skill level 1 in Air Magic
  1337 | D:3      | Reached skill level 1 in Earth Magic
  1337 | D:3      | Reached skill level 1 in Poison Magic
  1664 | D:3      | Noticed Jessica
  1675 | D:3      | Killed Jessica
  1675 | D:3      | Reached XP level 5. HP: 35/43 MP: 9/12
  2771 | D:4      | Reached XP level 6. HP: 29/50 MP: 13/13
  2900 | D:4      | Found Eddysy's Food Shop.
  2946 | D:4      | Noticed Robin
  2977 | D:4      | Killed Robin
  3096 | D:4      | Noticed Ijyb
  3107 | D:4      | Killed Ijyb
  3107 | D:4      | Reached skill level 5 in Fighting
  3107 | D:4      | Reached skill level 5 in Axes
  3107 | D:4      | Reached skill level 5 in Dodging
  3286 | D:4      | Found a runed door.
  3687 | D:4      | Noticed Crazy Yiuf
  3698 | D:4      | Killed Crazy Yiuf
  3781 | D:5      | Entered Level 5 of the Dungeon
  3791 | D:5      | Reached XP level 7. HP: 45/56 MP: 15/15
  4059 | D:5      | Learned a level 3 spell: Regeneration
  4063 | D:5      | Learned a level 3 spell: Spectral Weapon
  4067 | D:5      | Noticed Sigmund
  4083 | D:5      | Killed Sigmund
  4170 | D:5      | Noticed Pikel
  4190 | D:5      | Slain by Pikel

Vault maps used:
D:1:      dpeg_chamrin_arrival_tetris
D:2:      wad_pebble_path
D:3:      cheibrodos_old_hovel, chequers_ecumenical_altar_simple_redux,
          uniq_jessica
D:4:      serial_shops, shop, uniq_robin, uniq_ijyb, uniq_crazy_yiuf_cottage
D:5:      lemuel_doored_altar, first_ration, lemuel_blue_sif_altar,
          uniq_sigmund, uniq_pikel

Skill      XL: |  1  2  3  4  5  6  7 |
---------------+----------------------+-----
Spellcasting   | 5 |  5.7
Invocations    | 1 2 3 |  3.0
Short Blades   | 1 2 |  2.7
Long Blades    | 1 2 |  2.7
Maces & Flails | 1 2 |  2.7
Polearms       | 1 2 |  2.7
Staves         | 1 2 |  2.7
Slings         | 1 2 |  2.7
Bows           | 1 2 |  2.7
Crossbows      | 1 2 |  2.7
Throwing       | 1 2 |  2.7
Stealth        | 1 2 |  2.7
Shields        | 1 2 |  2.7
Unarmed Combat | 1 2 |  2.7
Evocations     | 1 2 |  2.7
Conjurations   | 1 2 |  2.2
Hexes          | 1 2 |  2.2
Summonings     | 1 2 |  2.2
Necromancy     | 1 2 |  2.2
Translocations | 1 2 |  2.2
Transmutations | 1 2 |  2.2
Fire Magic     | 1 2 |  2.2
Ice Magic      | 1 2 |  2.2
Air Magic      | 1 2 |  2.2
Earth Magic    | 1 2 |  2.2
Poison Magic   | 1 2 |  2.2
Armour         | 3 |  3.8
Fighting       | 5 |  5.4
Axes           | 5 |  5.4
Dodging        | 5 |  5.4
Charms         | |  5.9

Action                   |  1- 3 |  4- 6 |  7- 9 || total
-------------------------+-------+-------+-------++-------
Melee: Hand axe          |   137 |    97 |       ||   234
       Bite              |    13 |    16 |    10 ||    39
       Punch             |     1 |     1 |       ||     2
       Short sword       |       |    72 |       ||    72
       Trident           |       |     5 |   109 ||   114
 Fire: Blowgun           |       |    50 |    23 ||    73
       Hunting sling     |       |     8 |       ||     8
Throw: Stone             |     3 |    19 |       ||    22
 Cast: Song of Slaying   |     1 |     1 |       ||     2
       Infusion          |     2 |     4 |       ||     6
  Use: Scroll            |       |     9 |       ||     9
 Stab: Sleeping          |     2 |     4 |       ||     6
       Distracted        |       |       |     1 ||     1
  Eat: Chunk             |     1 |     7 |       ||     8
       Ration            |       |     1 |       ||     1
Armor: Leather armour    |    42 |    62 |    49 ||   153
Dodge: Dodged            |   107 |   122 |    90 ||   319
Block: Buckler           |       |     3 |    22 ||    25

Table legend:
 A = Spawn XP
 B = Non-spawn XP
 C = Spawn XP percentage of total XP
 D = Spawn monster count
 E = Non-spawn monster count
 F = Spawn count percentage of total count
 G = Total turns spent on level
                    A         B        C        D         E        F      G
               +---------+---------+-------+---------+---------+-------+---------
         Total |       0 |    1164 |   0.0 |       0 |     110 |   0.0 |  4190
               +---------+---------+-------+---------+---------+-------+---------
           D:1 |       0 |      19 |   0.0 |       0 |      13 |   0.0 |   516
           D:2 |       0 |      64 |   0.0 |       0 |      22 |   0.0 |   788
           D:3 |       0 |     171 |   0.0 |       0 |      30 |   0.0 |  1314
           D:4 |       0 |     339 |   0.0 |       0 |      29 |   0.0 |  1163
           D:5 |       0 |     571 |   0.0 |       0 |      16 |   0.0 |   409
               +---------+---------+-------+---------+---------+-------+---------
